 Dungeon Crawl Stone Soup version 0.18.1-48-g4cf74bf (webtiles) character file.

6593 sudo the Carver (level 10, -3/106 HPs)
             Began as a High Elf Berserker on June 28, 2016.
             Was a High Priest of Trog.
             Slain by Wardy's ghost (24 damage)
             ... on level 10 of the Dungeon.
             The game lasted 00:16:23 (10119 turns).

sudo the Carver (High Elf Berserker)               Turns: 10119, Time: 00:16:23

Health: -3/106     AC:  4    Str: 26 (28) XL:     10   Next: 71%
Magic:  0/9        EV: 20    Int: 10      God:    Trog [*****.]
Gold:   491        SH:  0    Dex: 14 (15) Spells: 0 memorised, 9 levels left

rFire  . . .     SeeInvis .     K - +1 falchion (flame)
rCold  . . .     Gourm    .     C - +1 leather armour of the World {Str+4 Stlth+}
rNeg   . . .     Faith    .     (no shield)
rPois  .         Spirit   +     (helmet restricted)
rElec  .         Dismiss  .     (no cloak)
rCorr  .         Reflect  .     (no gloves)
SustAt .         Harm     .     (no boots)
MR     +++..                    i - amulet of guardian spirit
Stlth  ..........               G - +3 ring of evasion
                                k - ring of protection from magic

@: berserking (expiring), very quick, extremely resistant to hostile
enchantments, extremely unstealthy
A: antennae 1, blurry vision 1, deterioration 1, dopey 1, low mp 2, magic
resistance 1
a: Berserk, Trog's Hand, Brothers in Arms, Burn Spellbooks, Renounce Religion


You were on level 10 of the Dungeon.
You worshipped Trog.
Trog was extremely pleased with you.
You were not hungry.

You visited 1 branch of the dungeon, and saw 10 of its levels.
You also visited: Sewer.

You collected 491 gold pieces.

Inventory:

Hand Weapons
 y - a +0 long sword
 K - a +1 falchion of flaming (weapon)
Armour
 d - a +1 helmet
 j - a +0 helmet
 C - the +1 leather armour of the World (worn) {Str+4 Stlth+}
   (You found it on level 4 of the Dungeon)

   It affects your strength (+4).
   It makes you more stealthy.
Jewellery
 i - an amulet of guardian spirit (around neck)
 k - a ring of protection from magic (left hand)
 G - a +3 ring of evasion (right hand)
Wands
 h - a wand of flame (19/48)
 p - a wand of polymorph (15/24)
 t - a wand of teleportation (2/9)
 D - a wand of digging (10/24)
 J - a wand of disintegration (14/24)
 L - a wand of flame (20/48)
Scrolls
 b - a scroll of fear {unknown}
 e - a scroll of recharging
 l - a scroll of noise
 m - a scroll of enchant armour {unknown}
 n - 2 scrolls of immolation
 o - a scroll of blinking {unknown}
 q - 3 scrolls of teleportation
 A - 4 scrolls of remove curse
 B - a scroll of fog {unknown}
 F - 4 scrolls of magic mapping
Potions
 a - a potion of ambrosia
 f - a potion of resistance
 r - a potion of cancellation
 s - 2 potions of berserk rage
 u - 3 potions of magic
 v - 2 potions of might
 x - 4 potions of flight
Comestibles
 c - 5 bread rations
 g - 3 meat rations
 z - 26 fruits


   Skills:
 + Level 7.6 Fighting
 * Level 12.7 Long Blades
 + Level 5.3 Armour
 + Level 8.8 Dodging
 - Level 5.0 Stealth


You had 9 spell levels left.
You didn't know any spells.

Dungeon Overview and Level Annotations

Branches:
Dungeon (10/15)            Temple (0/1) D:6            Lair (0/8) D:8
    Orc (0/2) D:9

Altars:
Ashenzari
Fedhas
Kikubaaqudgha
Makhleb
Nemelex Xobeh
Okawaru
Pakellas
Qazlal
Ru
Sif Muna
Trog
Vehumet
Yredelemnul
The Shining One

Annotations:
D:7 Malvoorn's ghost, novice DrSk
D:9 exclusion: statue
D:10 Wardy's ghost, novice MiFi


Innate Abilities, Weirdness & Mutations

You have a pair of small antennae on your head.
Scrolls take you a little longer to read.
Your body sometimes deteriorates upon taking damage.
You are dopey. (Int -2)
Your magical capacity is very low (-20% MP).
You are resistant to hostile enchantments.


Message History

You are too injured to fight recklessly!
You are too injured to fight recklessly!
You are too berserk!
Unknown command.
You are too injured to fight recklessly!
You are too injured to fight recklessly!
You are too injured to fight recklessly!
You are too injured to fight recklessly!
You are too injured to fight recklessly!
You are too injured to fight recklessly!
You are too injured to fight recklessly!
You slash Wardy's ghost! You burn Wardy's ghost.
Wardy's ghost is severely damaged.
You barely miss Wardy's ghost.
Wardy's ghost is severely damaged.
Unknown command.
You slash Wardy's ghost! You burn Wardy's ghost.
Wardy's ghost is severely damaged.
Wardy's ghost hits you!!
You die...

### ##### #..
....# #.. #...#
+..##...#
#.......+
#####.......######
.......<..@W......
..#.?....#..h....#
#..##..#.......#
.... #..#...#...#
... #..#...# ..#
.. (....... h. #
########## #


You could see 2 howler monkeys and Wardy's ghost.

Vanquished Creatures
  Pikel (D:5)
  Grinder (D:3)
  2 two-headed ogres
  Sigmund (D:6)
  6 spriggans (D:6)
  Eustachio (D:5)
  3 wargs (D:8)
  Purgy (Sewer)
  An ice beast (D:8)
  3 orc warriors
  A black bear (D:7)
  A phantom (D:9)
  4 sky beasts
  A necrophage (D:9)
  The ghost of boogeech the Ducker, an amateur DsGl (D:3)
  8 ogres
  Blork the orc (D:5)
  2 big kobolds
  2 giant frogs
  A wyvern skeleton (D:6)
  6 killer bees (D:8)
  5 wights (D:6)
  2 howler monkeys (D:4)
  2 crimson imps
  A centaur zombie (D:6)
  2 jellies (D:6)
  8 orc wizards
  2 giant frog skeletons
  6 orc priests
  2 hounds (D:9)
  A centaur skeleton (D:6)
  5 iguanas
  2 worker ants
  2 hound zombies
  3 hound skeletons
  2 adders (D:3)
  3 gnolls (D:6)
  A howler monkey skeleton (D:9)
  A shadow imp (D:7)
  A white imp (D:9)
  3 oozes
  2 adder skeletons (D:4)
  5 worms
  2 giant geckos
  47 orcs
  10 giant cockroaches
  2 gnoll zombies (D:8)
  3 goblins
  9 hobgoblins
  4 jackals (D:3)
  13 kobolds
  2 quokkas
  4 bats
  7 giant newts
  A quokka zombie (D:6)
  15 rats
228 creatures vanquished.

Notes
Turn   | Place    | Note
--------------------------------------------------------------
     0 | D:1      | sudo the High Elf Berserker began the quest for the Orb.
     0 | D:1      | Reached XP level 1. HP: 16/16 MP: 2/2
    32 | D:1      | Reached skill level 4 in Long Blades
   345 | D:1      | Reached XP level 2. HP: 21/21 MP: 3/3
   941 | D:2      | Reached ** piety under Trog
   977 | D:2      | Found an iron altar of Okawaru.
  1054 | D:2      | Reached XP level 3. HP: 18/26 MP: 4/4
  1117 | D:2      | Found a sparkling altar of Nemelex Xobeh.
  1122 | D:2      | Found a bloodstained altar of Trog.
  1242 | D:2      | Found a faded altar to an unknown god.
  1355 | D:2      | Found a burning altar of Makhleb.
  1452 | D:3      | Noticed boogeech's ghost (amateur DsGl)
  1468 | D:3      | Killed boogeech's ghost
  1468 | D:3      | Reached skill level 5 in Long Blades
  1468 | D:3      | Reached XP level 4. HP: 33/33 MP: 5/5
  1549 | D:3      | Reached XP level 5. HP: 30/37 MP: 6/6
  2382 | D:3      | Noticed Grinder
  2385 | D:3      | Paralysed by Grinder for 7 turns
  2397 | D:3      | Killed Grinder
  2397 | D:3      | Reached skill level 6 in Long Blades
  2397 | D:3      | Reached XP level 6. HP: 25/43 MP: 7/7
  2918 | D:4      | Found a sacrificial altar of Ru.
  3334 | D:4      | Reached XP level 7. HP: 46/49 MP: 8/8
  3350 | D:4      | Got a warped leather armour
  3361 | D:4      | Identified the cursed +1 leather armour of the World {Str+4 Stlth+} (You found it on level 4 of the Dungeon)
  3416 | D:4      | Reached skill level 7 in Long Blades
  3843 | D:4      | Found a shattered altar of Ashenzari.
  3843 | D:4      | Found a stormy altar of Qazlal.
  3883 | D:4      | Found an oddly glowing altar of Pakellas.
  3955 | D:5      | Entered Level 5 of the Dungeon
  3960 | D:5      | Noticed Blork the orc
  4037 | D:5      | Reached *** piety under Trog
  4108 | D:5      | Found a glowing drain.
  4132 | Sewer    | Entered a sewer
  4169 | Sewer    | Noticed Purgy
  4174 | Sewer    | Killed Purgy
  4304 | D:5      | Killed Blork the orc
  4304 | D:5      | Reached skill level 1 in Stealth
  4426 | D:5      | Noticed Eustachio
  4451 | D:5      | Killed Eustachio
  4451 | D:5      | Reached skill level 8 in Long Blades
  4451 | D:5      | Reached skill level 5 in Dodging
  4451 | D:5      | Reached XP level 8. HP: 54/54 MP: 7/9
  4562 | D:5      | Found a blossoming altar of Fedhas.
  4565 | D:5      | Found an ancient bone altar of Kikubaaqudgha.
  4718 | D:5      | Gained mutation: You have a pair of small antennae on your head. [mutagenic meat]
  4719 | D:5      | Gained mutation: Your body sometimes deteriorates upon taking damage. [mutagenic meat]
  4720 | D:5      | Gained mutation: You are resistant to hostile enchantments. [mutagenic meat]
  4721 | D:5      | Gained mutation: Scrolls take you a little longer to read. [mutagenic meat]
  4814 | D:5      | Noticed Pikel
  4832 | D:5      | Killed Pikel
  4832 | D:5      | Reached skill level 5 in Fighting
  4832 | D:5      | Reached skill level 9 in Long Blades
  5251 | D:6      | Found a staircase to the Ecumenical Temple.
  5572 | D:6      | Reached XP level 9. HP: 32/62 MP: 6/10
  5579 | D:6      | HP: 2/62 [spriggan/rapier of flaming (3)]
  5584 | D:6      | HP: 3/62 [spriggan/rapier of flaming (5)]
  5584 | D:6      | HP: 1/62 [spriggan/rapier of flaming (2)]
  5952 | D:6      | Reached skill level 10 in Long Blades
  6225 | D:6      | Reached **** piety under Trog
  6317 | D:6      | Noticed Sigmund
  6332 | D:6      | Killed Sigmund
  6866 | D:6      | Reached skill level 11 in Long Blades
  7616 | D:7      | Noticed Malvoorn's ghost (novice DrSk)
  8235 | D:8      | Reached XP level 10. HP: 50/69 MP: 7/11
  8434 | D:8      | Found a basalt altar of Yredelemnul.
  8463 | D:8      | Found a staircase to the Lair.
  8480 | D:8      | Reached skill level 5 in Stealth
  8729 | D:8      | Reached skill level 5 in Armour
  8981 | D:9      | Found a staircase to the Orcish Mines.
  9080 | D:9      | Found a glowing golden altar of the Shining One.
  9165 | D:9      | Found a radiant altar of Vehumet.
  9181 | D:9      | Found a deep blue altar of Sif Muna.
  9233 | D:9      | Reached skill level 12 in Long Blades
  9256 | D:9      | Reached ***** piety under Trog
  9295 | D:9      | Gained mutation: Your magical capacity is low (-10% MP). [potion of mutation]
  9295 | D:9      | Gained mutation: You are dopey. (Int -2) [potion of mutation]
  9295 | D:9      | Gained mutation: Your magical capacity is very low (-20% MP). [potion of mutation]
 10101 | D:10     | Entered Level 10 of the Dungeon
 10101 | D:10     | Noticed Wardy's ghost (novice MiFi)
 10119 | D:10     | Slain by Wardy's ghost

Skill      XL: |  1  2  3  4  5  6  7  8  9 10 |
---------------+-------------------------------+-----
Long Blades    | 4 5 6 8 9 11 12 | 12.7
Armour         | 2 3 4 5 |  5.3
Dodging        | 3 4 5 6 7 8 |  8.8
Fighting       | 4 5 6 7 |  7.6
Stealth        | 1 4 5 |  5.0

Action                   |  1- 3 |  4- 6 |  7- 9 | 10-12 || total
-------------------------+-------+-------+-------+-------++-------
Melee: Falchion          |    97 |   124 |    10 |   308 ||   539
       Long sword        |       |    55 |   305 |       ||   360
Invok: Berserk           |     1 |     1 |    11 |     7 ||    20
       Burn Spellbooks   |       |     1 |       |       ||     1
Evoke: Wand              |       |       |     1 |     3 ||     4
  Use: Scroll            |       |     8 |     7 |     4 ||    19
       Potion            |       |       |     9 |     8 ||    17
 Stab: Sleeping          |     5 |       |    12 |     3 ||    20
       Distracted        |       |       |       |     2 ||     2
  Eat: Chunk             |     2 |     7 |    21 |     5 ||    35
       Beef jerky        |       |       |     1 |       ||     1
       Meat ration       |       |       |     1 |     2 ||     3
       Royal jelly       |       |       |     1 |       ||     1
       Fruit             |       |       |     1 |       ||     1
Armor: Animal skin       |     7 |       |       |       ||     7
       Leather armour    |    12 |    23 |    44 |    22 ||   101
       Ring mail         |       |    21 |       |       ||    21
Dodge: Dodged            |    51 |   127 |   209 |   201 ||   588
